 Dungeon Crawl Stone Soup version 0.25-a0-1133-g93ebf739aa (webtiles) character file.

Game seed: 3579628890040011327, levelgen mode: deterministic

207 sanka the Chiller (level 5, -3/35 HPs)
             Began as a Barachi Ice Elementalist on May 21, 2020.
             Killed by nerve-wracking pain
             ... invoked by an orc priest
              (7 damage)
             ... on level 3 of the Dungeon.
             The game lasted 00:07:14 (3122 turns).

sanka the Chiller (Barachi Ice Elementalist)        Turns: 3122, Time: 00:07:14

Health: -3/35      AC:  6    Str: 10    XL:     5   Next: 85%
Magic:  3/9        EV: 12    Int: 16    God:
Gold:   128        SH:  0    Dex: 12    Spells: 6/10 levels left

rFire    . . .     SeeInvis .   i - -1 hunting sling (curse)
rCold    . . .     Gourm    .   (no shield)
rNeg     . . .     Faith    .   a - +0 robe
rPois    .         Spirit   .   (no helmet)
rElec    .         Reflect  .   p - +0 cloak
rCorr    .         Harm     .   (no gloves)
MR       .....                  m - +2 pair of boots
Stlth    +++.......             (no amulet)
HPRegen  0.11/turn              w - +4 ring of slaying
MPRegen  0.11/turn              g - ring of stealth

@: frozen ramparts, slow
A: +LOS, swims, slowness 1, strong legs 1
a: Hop


You were on level 3 of the Dungeon.
You were not hungry.

You visited 1 branch of the dungeon, and saw 3 of its levels.

You collected 128 gold pieces.


Innate Abilities, Weirdness & Mutations

You can be seen from farther away. (+LOS)
You can swim through water.
You cover ground slowly.
You can hop short distances.


   Skills:
 - Level 2.1 Dodging
 - Level 1.7 Stealth
 - Level 3.0 Spellcasting
 + Level 7.9 Ice Magic


You had 6 spell levels left.
You knew the following spells:

 Your Spells              Type           Power        Failure   Level  Hunger
y - Frozen Ramparts       Ice            ####..       2%          3    ###....
z - Freeze                Ice            ####         1%          1    #......

Your spell library contained the following spells:

 Spells                   Type           Power        Failure   Level  Hunger
 Ozocubu's Armour         Chrm/Ice       ###.....     11%         3    ###....
 Hailstorm                Conj/Ice       ###.....     36%         4    #####..
 Summon Ice Beast         Ice/Summ       ###.....     36%         4    #####..

Inventory:

Hand Weapons
 d - a +0 club
 i - a cursed -1 hunting sling (weapon)
 s - a +0 mace
 v - a +0 morningstar
Missiles
 f - 27 sling bullets (quivered)
 l - 62 stones
Armour
 a - a +0 robe (worn)
 m - a +2 pair of boots (worn)
 p - a +0 cloak (worn)
 t - a +0 buckler
Jewellery
 g - a ring of stealth (right hand)
 w - a +4 ring of slaying (left hand)
Scrolls
 h - a scroll of amnesia {unknown}
 j - a scroll of remove curse {unknown}
 k - 4 scrolls of identify {unknown}
 n - a scroll of enchant armour {unknown}
 o - a scroll of immolation {unknown}
 q - a scroll of blinking {unknown}
Potions
 b - 3 potions of heal wounds {unknown}
 e - a potion of brilliance {unknown}
 r - 2 potions of mutation {unknown}
Comestibles
 c - 5 rations
 u - 11 chunks of flesh

Dungeon Overview and Level Annotations

Branches:
Dungeon (3/15)

Altars:
Elyvilon
Okawaru
Sif Muna
The Shining One

..(.. . ▒...▒ ▒........
.(o ▒▒▒.▒ ▒▒.......
▒▒)▒▒▒▒ ▒.▒ ▒.......
▒..().▒ ▒.▒ ▒.▒▒....
▒.▒▒▒.▒▒ ▒.▒ ▒....... ▒
▒o.▒▒▒▒▒▒▒.▒ ▒▒▒.▒.>.▒▒
▒▒...o.▒▒).▒▒▒.........
▒▒▒▒▒......▒▒........>
▒▒F...▒.÷..........
▒▒.....▒▒▒).(.......
▒.....[..)..........
▒....)...▒..........
▒.......▒▒......▒...
....▒.....▒▒...▒▒..▒▒▒▒
▒▒▒...........▒▒▒.▒▒
▒▒.......▒..▒ ▒.▒
▒........▒.▒▒ ..▒▒▒▒▒


You could see an orc priest.


Message History

Firing (i - inventory. (/) - cycle)
f - 30 sling bullets (quivered)
Aim: an orc priest, wielding a +0 falchion and wearing a +0 scale mail You shoot a sling bullet.
The sling bullet hits the orc priest.
The orc priest is moderately wounded.
The wall freezes the orc priest.
Firing (i - inventory. (/) - cycle)
f - 29 sling bullets (quivered)
Aim: an orc priest, wielding a +0 falchion and wearing a +0 scale mail (severely wounded)
You shoot a sling bullet.
The sling bullet hits the orc priest but does no damage.
The orc priest is severely wounded.
The frozen ramparts melt away.
Firing (i - inventory. (/) - cycle)
f - 28 sling bullets (quivered)
Aim: an orc priest, wielding a +0 falchion and wearing a +0 scale mail (severely wounded)
You shoot a sling bullet.
The sling bullet barely misses the orc priest.
The walls around you are covered in ice.
The orc priest mumbles some strange prayers to Beogh against you.
Beogh smites you!
* * * LOW HITPOINT WARNING * * *
You start resting.
You eat one of the 12 chunks of flesh.
The frozen ramparts melt away.
You start resting.
The orc priest is too close now for your liking.
The walls around you are covered in ice.
The wall freezes the orc priest.
The orc priest mumbles some strange prayers to Beogh against you.
Pain shoots through your body!
You die...

Action                   |  1- 3 |  4- 6 || total
-------------------------+-------+-------++-------
Melee: Club              |     5 |       ||     5
 Fire: Hunting sling     |    42 |    42 ||    84
 Cast: Freeze            |    47 |    16 ||    63
       Frozen Ramparts   |     2 |     5 ||     7
 Abil: Hop               |       |     1 ||     1
  Eat: Chunk             |     6 |     3 ||     9
Armor: Robe              |    12 |     9 ||    21
Dodge: Dodged            |    33 |    15 ||    48

Levels and vault maps discovered:
D:1:      evilmike_arrival_plus, layout_loops_corners
D:2:      layout_loops_ring, okawaru_gym_becter,
          gammafunk_temple_overflow_pools, first_ration, tso_altar
D:3:      layout_rooms, minmay_goblin_kobold_house

Notes
Turn   | Place    | Note
-------+----------+-------------------------------------------
     0 | D:1      | sanka the Barachi Ice Elementalist began the quest for the
                  | Orb.
     0 | D:1      | Reached XP level 1. HP: 13/13 MP: 3/3
   186 | D:1      | Reached skill level 5 in Ice Magic
   385 | D:1      | Reached XP level 2. HP: 19/19 MP: 1/5
  1554 | D:2      | Reached XP level 3. HP: 24/24 MP: 4/7
  1559 | D:2      | Learned a level 3 spell: Frozen Ramparts
  1663 | D:2      | Reached skill level 3 in Spellcasting
  2084 | D:2      | Found an iron altar of Okawaru.
  2256 | D:2      | Found a glowing golden altar of the Shining One.
  2373 | D:2      | Found a shimmering blue altar of Sif Muna.
  2374 | D:2      | Found a white marble altar of Elyvilon.
  2489 | D:3      | Reached skill level 6 in Ice Magic
  2497 | D:3      | Reached XP level 4. HP: 30/30 MP: 1/8
  2999 | D:3      | Reached XP level 5. HP: 35/35 MP: 9/9
  3005 | D:3      | Reached skill level 7 in Ice Magic
  3113 | D:3      | HP: 3/35 [orc priest/divine providence (9)]
  3122 | D:3      | Killed from afar by an orc priest

Vanquished Creatures
  2 orc priests (D:3)
  An orc wizard (D:3)
  3 adders (D:3)
  An ooze (D:2)
  3 leopard geckos
  15 orcs (D:3)
  8 bats
  A giant cockroach (D:2)
  7 goblins
  9 hobgoblins
  4 jackals (D:1)
  4 quokkas
  A ball python (D:1)
  A frilled lizard (D:2)
  2 kobolds
  7 rats
69 creatures vanquished.
